 Dungeon Crawl Stone Soup version 0.23.2-11-gf996548c65 (webtiles) character file.

Game seed: 14250804404203694431

1819 Nattfarinn the Spear-Bearer (level 8, 0/73 (74) HPs)
             Began as a Minotaur Fighter on June 4, 2019.
             Killed from afar by an orc wizard (10 damage)
             ... with a puff of frost
             ... on level 6 of the Dungeon.
             The game lasted 00:07:39 (5284 turns).

Nattfarinn the Spear-Bearer (Minotaur Fighter)      Turns: 5284, Time: 00:07:44

HP:   0/73 (74)     AC:  8    Str: 19 (20) XL:     8   Next: 85%
MP:   7/7           EV:  7    Int:  4 (5)  God:
Gold: 212           SH:  9    Dex: 11 (13) Spells: 7/7 levels left

rFire    . . .     SeeInvis .   a - +0 trident
rCold    . . .     Gourm    .   c - +0 shield
rNeg     . . .     Faith    .   b - +0 scale mail
rPois    +         Spirit   .   (helmet restricted)
rElec    .         Reflect  .   (no cloak)
rCorr    .         Harm     .   (no gloves)
MR       .....                  (no boots)
Stlth    ..........             (no amulet)
HPRegen  0.22/turn              o - ring of poison resistance
MPRegen  0.10/turn              (no ring)

@: flying
A: retaliatory headbutt, horns 2
a: no special abilities


You were on level 6 of the Dungeon.
You were not hungry.

You visited 1 branch of the dungeon, and saw 6 of its levels.
You also visited: Ossuary.

You collected 212 gold pieces.

Inventory:

Hand Weapons
 a - a +0 trident (weapon)
Armour
 b - a +0 scale mail (worn)
 c - a +0 shield (worn)
Jewellery
 o - a ring of poison resistance (left hand)
Wands
 l - a wand of iceblast (6)
 B - a wand of disintegration (4)
Scrolls
 e - 2 scrolls of enchant weapon {unknown}
 j - 6 scrolls of identify {unknown}
 m - a scroll of enchant armour {unknown}
 s - a scroll of fog {unknown}
 t - 4 scrolls of random uselessness {unknown}
 u - 5 scrolls of teleportation {unknown}
 w - 2 scrolls of remove curse {unknown}
 x - 5 scrolls of immolation {unknown}
 y - a scroll of fear {unknown}
 z - a scroll of noise {unknown}
 C - a scroll of magic mapping {unknown}
Potions
 d - 2 potions of might
 g - a potion of invisibility {unknown}
 h - 2 potions of mutation {unknown}
 i - 2 potions of brilliance {unknown}
 k - 2 potions of agility {unknown}
 n - a potion of heal wounds {unknown}
 p - 9 potions of degeneration
 q - 5 potions of curing {unknown}
 r - 4 potions of flight
 v - a potion of magic {unknown}
 A - a potion of haste {unknown}
Comestibles
 f - 10 rations
 D - 5 chunks of flesh


   Skills:
 + Level 7.8 Fighting
 * Level 10.0 Polearms
 + Level 7.7 Armour
 - Level 3.6 Shields


You had 7 spell levels left.
You didn't know any spells.
Your spell library contained the following spells:

 Spells                   Type           Power        Failure   Level  Hunger
 Confusing Touch          Hex            #.....       100%        1    ##.....
 Confuse                  Hex            #.......     100%        3    ####...
 Gell's Gravitas          Tloc           #.........   100%        3    ####...
 Petrify                  Tmut/Erth      #.......     100%        4    #####..
 Metabolic Englaciation   Hex/Ice        #.........   100%        5    ######.
 Yara's Violent Unravell  Hex/Tmut       #.........   100%        5    ######.
 Poison Arrow             Conj/Pois      #.........   100%        6    #######
 Chain Lightning          Conj/Air       #.........   100%        8    #######
 Lehudib's Crystal Spear  Conj/Erth      #.........   100%        8    #######
 Fire Storm               Conj/Fire      #.........   100%        9    #######
 Glaciate                 Conj/Ice       #.........   100%        9    #######


Dungeon Overview and Level Annotations

Branches:
Dungeon (6/15)
 Temple: D:4-7

Altars:
Elyvilon
Hepliaklqana
Wu Jian
Yredelemnul


Innate Abilities, Weirdness & Mutations

You reflexively headbutt those who attack you in melee.
You have a pair of horns on your head.


Message History

You are too injured to fight recklessly!
You are too injured to fight recklessly!
You are too injured to fight recklessly!
The orc warrior hits you with a +0 flail!
* * * LOW HITPOINT WARNING * * *
You hear some strange, mumbled words.
A puff of flame appears from out of thin air!
The puff of flame misses you.
There is a stone staircase leading down, spattered with blood here.
It was a potion of degeneration.
There was something very wrong with that liquid.
You feel weakened.
You feel dopey.
You feel clumsy. Something hits you but does no damage.
It was a potion of flight.
You feel very buoyant.
You fly up into the air.
You hear some strange, mumbled words.
A puff of frost appears from out of thin air!
The puff of frost hits you!
You die...

....... #.#
..... #.# ....
#.# #.. #.#
#.[## #.# #o)#
#.# #oo# #.#
##{# #.# #@#
#.# #.# #.# #.#
#.# #.# #.#
#.###########.#
#.............#
###############


You could see an orc warrior and 2 orcs.

Vanquished Creatures
  Pikel (D:5)
  Grinder (D:5)
  Eustachio (D:4)
  A slave (D:5)
  A necrophage (D:6)
  An elf zombie (D:5)
  4 elf skeletons (D:5)
  A crimson imp (D:5)
  3 orc priests
  2 human zombies (Ossuary)
  Ijyb (D:3)
  3 human skeletons (D:5)
  3 orc wizards
  2 worker ants
  A hound zombie (D:6)
  3 mummies (Ossuary)
  A worker ant zombie (D:5)
  8 gnolls
  2 adders (D:2)
  An ooze (D:3)
  2 worms
  A dart slug (D:1)
  4 leopard geckos
  23 orcs
  A ball python (D:1)
  10 bats
  2 giant cockroaches
  5 goblins
  8 hobgoblins
  3 jackals (D:2)
  9 kobolds
  A quokka (D:4)
  4 frilled lizards
  A gnoll zombie (Ossuary)
  A goblin zombie (Ossuary)
  A hobgoblin zombie (Ossuary)
  A kobold zombie (Ossuary)
  A leopard gecko skeleton (D:4)
  An orc skeleton (D:5)
  4 orc zombies
  14 rats
  A spectral orc (D:2)
139 creatures vanquished.

Vanquished Creatures (others)
  An ogre (D:5)
1 creature vanquished.

Grand Total: 140 creatures vanquished

Notes
Turn   | Place    | Note
-------+----------+-------------------------------------------
     0 | D:1      | Nattfarinn the Minotaur Fighter began the quest for the
                  | Orb.
     0 | D:1      | Reached XP level 1. HP: 19/19 MP: 0/0
    82 | D:1      | Reached XP level 2. HP: 16/27 MP: 1/1
   216 | D:1      | Reached skill level 3 in Polearms
   259 | D:1      | Reached XP level 3. HP: 16/33 MP: 2/2
  1158 | D:2      | Reached skill level 4 in Polearms
  1158 | D:2      | Reached XP level 4. HP: 27/41 MP: 3/3
  1278 | D:2      | Found an ornate altar of the Wu Jian Council.
  1325 | D:2      | Found a white marble altar of Elyvilon.
  1511 | D:2      | Found a basalt altar of Yredelemnul.
  1990 | D:3      | Reached XP level 5. HP: 35/47 MP: 4/4
  2010 | D:3      | Reached skill level 5 in Polearms
  2219 | D:3      | Reached skill level 5 in Fighting
  2227 | D:3      | Reached skill level 5 in Armour
  2235 | D:3      | Reached XP level 6. HP: 7/56 MP: 5/5
  2523 | D:3      | Noticed Ijyb
  2535 | D:3      | Killed Ijyb
  2907 | D:4      | Found a hazy altar of Hepliaklqana.
  3207 | D:4      | Noticed Eustachio
  3241 | D:4      | Killed Eustachio
  3241 | D:4      | Reached skill level 6 in Polearms
  3641 | D:5      | Entered Level 5 of the Dungeon
  3859 | D:5      | Noticed Grinder
  3872 | D:5      | Killed Grinder
  3872 | D:5      | Reached skill level 7 in Polearms
  3872 | D:5      | Reached XP level 7. HP: 29/63 MP: 6/6
  3996 | D:5      | Found a sand-covered staircase.
  4003 | D:5      | Reached skill level 8 in Polearms
  4007 | Ossuary  | Entered an ossuary
  4275 | Ossuary  | Reached XP level 8. HP: 52/71 MP: 7/7
  4580 | D:5      | Noticed Pikel
  4610 | D:5      | Killed Pikel
  4610 | D:5      | Reached skill level 9 in Polearms
  5264 | D:6      | Reached skill level 10 in Polearms
  5284 | D:6      | Killed from afar by an orc wizard

Skill      XL: |  1  2  3  4  5  6  7  8 |
---------------+-------------------------+-----
Polearms       | 3 4 5 7 8 10 | 10.0
Fighting       | 4 5 6 7 |  7.8
Armour         | 4 5 6 7 |  7.7
Shields        | |  3.6

Action                   |  1- 3 |  4- 6 |  7- 9 || total
-------------------------+-------+-------+-------++-------
Melee: Trident           |   117 |   200 |   207 ||   524
       Headbutt          |    14 |    25 |    40 ||    79
  Use: Potion            |       |       |     2 ||     2
  Eat: Chunk             |     1 |     9 |     1 ||    11
       Ration            |       |       |     1 ||     1
Armor: Scale mail        |    42 |    74 |    28 ||   144
Dodge: Dodged            |    33 |    37 |    23 ||    93
Block: Shield            |    50 |    75 |    41 ||   166
